 Dungeon Crawl Stone Soup version 0.22.1-6-g1668fe2 (webtiles) character file.

150 Kairos the Skirmisher (level 5, -1/43 HPs)
             Began as a Formicid Abyssal Knight on Jan 28, 2019.
             Was a Believer of Lugonu.
             Slain by Grinder (5 damage)
             ... on level 3 of the Dungeon.
             The game lasted 00:03:58 (1604 turns).

Kairos the Skirmisher (Formicid Abyssal Knight)     Turns: 1604, Time: 00:03:59

Health: -1/43      AC:  5    Str: 18    XL:     5   Next: 58%
Magic:  6/6        EV: 11    Int: 11    God:    Lugonu [**....]
Gold:   133        SH:  0    Dex: 10    Spells: 4/4 levels left

rFire    . . .     SeeInvis +   n - +0 whip (elec)
rCold    . . .     Gourm    .   (no shield)
rNeg     . . .     Faith    .   l - +0 ring mail
rPois    .         Spirit   .   (helmet unavailable)
rElec    .         Reflect  .   (no cloak)
rCorr    .         Harm     .   (no gloves)
MR       .....                  (no boots)
Stlth    ++........             (no amulet)
HPRegen  0.14/turn              f - ring of stealth
MPRegen  0.10/turn              (no ring)

@: no status effects
A: permanent stasis, dig shafts and tunnels, four strong arms, antennae 3, claws
1
a: Dig, Shaft Self, Depart the Abyss, Bend Space, Renounce Religion


You were on level 3 of the Dungeon.
You worshipped Lugonu.
Lugonu was pleased with you.
You were not hungry.

You visited 1 branch of the dungeon, and saw 3 of its levels.
You visited the Abyss 1 time.

You collected 133 gold pieces.

Inventory:

Hand Weapons
 a - a +1 hand axe
 h - a cursed -3 hunting sling
 n - a +0 whip of electrocution (weapon)
Armour
 b - a +0 leather armour
 l - a +0 ring mail (worn)
 m - a +0 plate armour
 q - a +1 hat
Jewellery
 f - a ring of stealth (left claw)
Scrolls
 d - a scroll of enchant weapon {unknown}
 i - 2 scrolls of blinking {unknown}
 j - a scroll of identify {unknown}
 k - a scroll of random uselessness {unknown}
 o - a scroll of teleportation {unknown}
 p - a scroll of remove curse {unknown}
 t - a scroll of amnesia {unknown}
Potions
 e - 3 potions of degeneration {unknown}
 g - a potion of lignification {unknown}
 s - 2 potions of brilliance {unknown}
Comestibles
 c - 4 rations


   Skills:
 + Level 4.5 Fighting
 + Level 3.2 Axes
 + Level 0.2(2.0) Maces & Flails
 + Level 3.0 Armour
 + Level 1.5 Dodging
 + Level 1.9 Stealth
 + Level 2.2 Invocations


You had 4 spell levels left.
You didn't know any spells.
Your spell library was empty.

Dungeon Overview and Level Annotations

Branches:
Dungeon (3/15)

Altars:
Cheibriados
Okawaru
Yredelemnul

Annotations:
D:3 Grinder


Innate Abilities, Weirdness & Mutations

You cannot be hasted, slowed, berserked, paralysed or teleported.
You can dig through walls and to a lower floor.
Your four strong arms can wield two-handed weapons with a shield.
You have a pair of large antennae on your head. (SInv)
You have sharp fingernails.


Message History

Grinder blinks!
You hit Grinder. Lightning courses through Grinder!
Grinder is almost dead.
The giant cockroach misses you. Grinder hits you.
* * * LOW HITPOINT WARNING * * *
You writhe in agony.
* * * LOW HITPOINT WARNING * * *
You hit Grinder but do no damage.
Grinder is almost dead.
The giant cockroach bites you.
* * * LOW HITPOINT WARNING * * *
Grinder hits you but does no damage.
You hit Grinder but do no damage.
Grinder is almost dead.
The giant cockroach barely misses you. Grinder barely misses you.
The giant cockroach closely misses you.
You closely miss Grinder.
Grinder is almost dead.
The giant cockroach closely misses you. Grinder hits you.
You die...

#.##.##
#.....#####
##...##...##
####.##.....#
#.##....#.......
#..........._...
####.##.#.......
#.##.##.....#
#...@5##..?##
####s## #### #.#
#.# ... .#.#.
#.#.#.> # #.. ..
### .##


You could see Grinder and a giant cockroach.

Vanquished Creatures
  A howler monkey (D:2)
  An orc wizard (D:3)
  2 adders (D:2)
  A worm (D:2)
  2 dart slugs (D:2)
  3 orcs (D:3)
  3 ball pythons
  7 bats
  3 giant cockroaches
  6 goblins
  7 hobgoblins (D:1)
  2 jackals (D:3)
  5 kobolds
  A quokka (D:2)
  2 gnoll zombies (D:2)
  6 rats
52 creatures vanquished.

Notes
Turn   | Place    | Note
-------+----------+-------------------------------------------
     0 | Abyss:1  | Kairos the Formicid Abyssal Knight began the quest for the
                  | Orb.
     0 | Abyss:1  | Reached XP level 1. HP: 18/18 MP: 2/2
    78 | Abyss:2  | Gained mutation: You have sharp fingernails. [mutagenic
                  | glow]
    86 | Abyss:2  | Noticed a raiju
    87 | D:1      | Escaped the Abyss
   109 | D:1      | Reached * piety under Lugonu
   182 | D:1      | Reached XP level 2. HP: 15/24 MP: 3/3
   492 | D:1      | Reached XP level 3. HP: 18/30 MP: 4/4
   561 | D:1      | Reached skill level 4 in Fighting
   843 | D:2      | Reached skill level 1 in Dodging
   843 | D:2      | Reached skill level 1 in Stealth
   843 | D:2      | Reached XP level 4. HP: 31/37 MP: 5/5
   881 | D:2      | Found an iron altar of Okawaru.
   913 | D:2      | Reached ** piety under Lugonu
   914 | D:2      | Found a basalt altar of Yredelemnul.
  1004 | D:2      | Reached XP level 5. HP: 19/43 MP: 6/6
  1584 | D:3      | Found a snail-covered altar of Cheibriados.
  1585 | D:3      | Noticed Grinder
  1604 | D:3      | Slain by Grinder

Skill      XL: |  1  2  3  4  5 |
---------------+----------------+-----
Fighting       | 4 |  4.5
Axes           | 3 |  3.2
Dodging        | 1 |  1.5
Stealth        | 1 |  1.9
Armour         | 3 |  3.0
Maces & Flails | |  0.2
Invocations    | |  2.2

Action                   |  1- 3 |  4- 6 || total
-------------------------+-------+-------++-------
Melee: Hand axe          |    78 |       ||    78
       Whip              |     4 |    97 ||   101
Invok: Depart the Abyss  |     1 |       ||     1
 Stab: Sleeping          |     1 |     6 ||     7
  Eat: Chunk             |       |     2 ||     2
Armor: Leather armour    |    14 |       ||    14
       Ring mail         |    16 |    24 ||    40
Dodge: Dodged            |    62 |    64 ||   126
